 Dungeon Crawl Stone Soup version 0.27-a0-1563-g2c003e9 (webtiles) character file.

Game seed: 12888643528893227943

185410 Meow the Devastator (level 18, 0/160 HPs)
             Began as a Ghoul Conjurer on July 16, 2021.
             Was an Initiate of Gozag.
             Slain by a hellwing (8 damage)
             ... on level 2 of the Abyss.
             The game lasted 02:07:41 (37588 turns).

Meow the Devastator (Ghoul Conjurer)               Turns: 37588, Time: 02:07:43

Health: 0/160      AC: 10    Str:  8 (11) XL:     18   Next: 44%
Magic:  16/42      EV: 15    Int: 17 (19) God:    Gozag
Gold:   4332       SH:  9    Dex: 22      Spells: 18/41 levels left

rFire    + + +     SeeInvis .   a - +6 demon trident
rCold    + + .     Faith    .   n - +2 buckler
rNeg     + + +     Spirit   .   F - +4 leather armour of Knowledge {rN+ Dex+6}
rPois    ∞         Reflect  .   L - +2 hat {Stlth+}
rElec    .         Harm     .   (no cloak)
rCorr    .         Rampage  .   p - +0 pair of fencer's gloves {Riposte Dex+3}
Will     +....                  (no boots)
Stlth    +++.......             (no amulet)
HPRegen  0.00/turn              N - ring "Raesh" {Contam rF++ rC+ Str-5 Dex+6}
MPRegen  0.28/turn              S - ring of Secrets {Drain rPois rF+ MP+9 Str+3}

@: slightly contaminated
A: claws 1, cold resistance 1, negative energy resistance 3, inhibited
regeneration, torment resistance 2
a: Renounce Religion, Potion Petition, Call Merchant, Bribe Branch


You were on level 2 of the Abyss.
You worshipped Gozag.
Gozag was most pleased with you.
You visited 5 branches of the dungeon, and saw 25 of its levels.
You visited the Abyss 1 time.
You visited 1 bazaar.
You also visited: Ossuary and Gauntlet.

You collected 10224 gold pieces.
You spent 4139 gold pieces at shops.
You paid 1753 gold pieces to Gozag.

Inventory:

Hand Weapons
 a - a +6 demon trident (weapon)
 b - the +5 battleaxe of the Seven Nightingales {spect, rF+ rN+ Str+3}
   (You found it in a Gauntlet)

   When it strikes, its spirit leaps out and fights alongside the wielder.
   Str:       It affects your strength (+3).
   rF:        It protects you from fire.
   rN:        It protects you from negative energy.
 j - a +0 broad axe of freezing
Missiles
 g - 152 sling bullets
 r - 126 bolts
 t - 680 arrows
 v - 626 stones (quivered)
Armour
 d - a +2 robe of cold resistance
 n - a +2 buckler (worn)
 p - the +0 pair of fencer's gloves (worn) {Riposte Dex+3}
   (You found it in a Gauntlet)

   It allows the wearer to riposte with any weapon, or to riposte more often
   with a long blade, swiftly retaliating against a missed attack.
   Dex:       It affects your dexterity (+3).
 F - the +4 leather armour of Knowledge (worn) {rN+ Dex+6}
   (You bought it in a shop in a bazaar)

   Dex:       It affects your dexterity (+6).
   rN:        It protects you from negative energy.
 L - a +2 hat of stealth (worn)
 V - a +2 kite shield of reflection
Jewellery
 c - an amulet of reflection
 h - a ring of resist corrosion
 y - a +4 ring of protection
 M - the ring "Heduips" {*Corrode AC+4 Str+4 Int+2 SInv}
   (You found it in a Gauntlet)

   [ring of protection]

   AC:        It affects your AC (+4).
   Str:       It affects your strength (+4).
   Int:       It affects your intelligence (+2).
   SInv:      It lets you see invisible.
   *Corrode:  It may corrode you when you take damage.
 N - the ring "Raesh" (left hand) {Contam rF++ rC+ Str-5 Dex+6}
   (You bought it in a shop in a bazaar)

   [ring of protection from cold]

   Str:       It affects your strength (-5).
   Dex:       It affects your dexterity (+6).
   rF:        It greatly protects you from fire.
   rC:        It protects you from cold.
   Contam:    It causes magical contamination when unequipped.
 S - the ring of Secrets (right hand) {Drain rPois rF+ MP+9 Str+3}
   (You bought it in a shop on level 9 of the Dungeon)

   [ring of magical power]

   Str:       It affects your strength (+3).
   rF:        It protects you from fire.
   rPois:     It protects you from poison.
   MP:        It affects your magic capacity (+9).
   Drain:     It drains your maximum health when unequipped.
 U - the ring "Odaeb" {Str+6 Dex+2}
   (You found it in a Gauntlet)

   [ring of strength]

   Str:       It affects your strength (+6).
   Dex:       It affects your dexterity (+2).
Wands
 e - a wand of flame (16)
 q - a wand of digging (6)
 B - a wand of iceblast (42)
 W - a wand of polymorph (13)
Scrolls
 i - a scroll of blinking
 s - 2 scrolls of holy word
 w - 2 scrolls of torment
 C - 5 scrolls of magic mapping
 D - a scroll of enchant armour
 J - 9 scrolls of teleportation
 K - 4 scrolls of enchant weapon
 O - 2 scrolls of fear
 P - 3 scrolls of fog
 R - 6 scrolls of immolation
 T - 3 scrolls of silence
 X - 3 scrolls of identify
 Z - 3 scrolls of vulnerability
Potions
 f - 14 potions of ambrosia
 k - a potion of brilliance
 l - a potion of heal wounds
 m - 7 potions of flight
 o - 3 potions of resistance
 u - 2 potions of cancellation
 z - 2 potions of curing
 A - 3 potions of invisibility
 E - 4 potions of attraction
 G - 3 potions of haste
 H - 3 potions of might
 Q - 4 potions of magic
 Y - 2 potions of degeneration
Miscellaneous
 x - a box of beasts (inert)


   Skills:
 - Level 14.0 Fighting
 + Level 6.3 Dodging
 - Level 2.1 Stealth
 + Level 7.3 Shields
 - Level 12.0 Spellcasting
 + Level 17.3 Conjurations


You had 18 spell levels left.
You knew the following spells:

 Your Spells              Type           Power      Damage    Failure   Level
a - Magic Dart            Conj           100%       1d8       0%          1
b - Searing Ray           Conj           100%       3d7       0%          2
c - Mephitic Cloud        Conj/Pois/Air  29%        N/A       2%          3
f - Bolt of Magma         Conj/Fire/Erth 14%        4d8       26%         5
t - Irradiate             Conj/Tmut      19%        3d20      9%          5
A - Iskenderun's Mystic   Conj/Tloc      39%        2d9       3%          4
F - Frozen Ramparts       Ice            20%        1d4       30%         3

Your spell library contained the following spells:

 Spells                   Type           Power      Damage    Failure   Level
 Dazzling Flash           Conj/Hex       78%        N/A       1%          3
 Fulminant Prism          Conj/Hex       19%        3d11      3%          4
 Corona                   Hex            11%        N/A       10%         1
 Sandblast                Erth           20%        2d7       10%         1
 Sting                    Tmut/Pois      40%        1d5       10%         1
 Call Imp                 Summ           10%        N/A       16%         2
 Ensorcelled Hibernation  Hex/Ice        20%        N/A       16%         2
 Passwall                 Tmut/Erth      8%         N/A       16%         2
 Poisonous Vapours        Pois/Air       20%        N/A       16%         2
 Gell's Gravitas          Tloc           5%         N/A       30%         3
 Lesser Beckoning         Tloc           5%         N/A       30%         3
 Swiftness                Air            10%        N/A       30%         3
 Teleport Other           Tloc           10%        N/A       30%         3
 Tukima's Dance           Hex            10%        N/A       30%         3
 Animate Armour           Summ/Erth      20%        N/A       69%         4
 Olgreb's Toxic Radiance  Pois           10%        N/A       69%         4
 Petrify                  Tmut/Erth      10%        N/A       69%         4
 Summon Ice Beast         Ice/Summ       10%        N/A       69%         4
 Alistair's Intoxication  Tmut/Pois      6%         N/A       95%         5
 Borgnjor's Vile Clutch   Necr/Erth      5%         N/A       95%         5
 Lee's Rapid Deconstruct  Erth           5%         3d7*      95%         5
 Dispersal                Tloc           5%         N/A       100%        6
 Eringya's Noxious Bog    Tmut/Pois      5%         N/A       100%        6
 Invisibility             Hex            5%         N/A       100%        6
 Simulacrum               Ice/Necr       5%         N/A       100%        6
 Chain Lightning          Conj/Air       19%        3d26      100%        9
 Fire Storm               Conj/Fire      19%        8d5       100%        9
 Sublimation of Blood     Necr           Unusable   N/A       N/A         2
 Ice Form                 Ice/Tmut       Unusable   N/A       N/A         4
 Statue Form              Tmut/Erth      Unusable   N/A       N/A         6

Dungeon Overview and Level Annotations

Branches:
Dungeon (15/15)            Temple (1/1) D:4            Lair (6/6) D:8
 Shoals (0/4) Lair:4       Spider (0/4) Lair:2        Slime (0/5) Lair:5
    Orc (2/2) D:9             Elf (1/3) Orc:2        Vaults (0/5) D:13
 Depths (0/5) D:15        Ossuary (visited)         Gauntlet (visited)

Altars:
Ashenzari
Cheibriados
Dithmenos
Elyvilon
Fedhas
Gozag
Hepliaklqana
Kikubaaqudgha
Makhleb
Nemelex Xobeh
Okawaru
Qazlal
Ru
Sif Muna
Trog
Uskayaw
Vehumet
Wu Jian
Xom
Yredelemnul
Zin
The Shining One

Shops:
D:1 *   D:5 ?   D:6 (   D:7 ?   D:9 ==   Orc:2 ([=*   Lair:1 [[

Annotations:
D:4 1 runed translucent door, Caerwyn's ghost, novice OpCj
Lair:6 exclusion: 7 oklob plants
Abyss:2 1 transporter


Innate Abilities, Weirdness & Mutations

You thrive by killing the living.
You are immune to poison.
You have sharp fingernails.
Your flesh is cold resistant. (rC+)
You are immune to negative energy. (rN+++)
You do not regenerate when monsters are visible.
You are immune to unholy pain and torment.


Message History

The sixfirhy hits you!
* * * LOW HITPOINT WARNING * * *
The sixfirhy shocks you!
* * * LOW HITPOINT WARNING * * *
Casting: Irradiate (dangerous; 9% risk of failure)
Confirm with . or Enter, or press ? or * to list all spells.
You erupt in a fountain of uncontrolled magic!
The sixfirhy is blasted with magical radiation!
The sixfirhy is severely wounded.
The sixfirhy twists and deforms.
You are lightly contaminated with residual magic.
The sixfirhy misses you. The sixfirhy hits you!
* * * LOW HITPOINT WARNING * * *
The sixfirhy shocks you!
* * * LOW HITPOINT WARNING * * *
Unknown command.
Unknown command.
Casting: Irradiate (dangerous; 9% risk of failure)
Confirm with . or Enter, or press ? or * to list all spells.
You erupt in a fountain of uncontrolled magic!
The sixfirhy is blasted with magical radiation!
You kill the sixfirhy!
You are contaminated with residual magic.
Unknown command.
Unknown command.
Unknown command.
Unknown command.
You now have 4332 gold pieces (gained 5).
A hellwing comes into view.
You see here 6 gold pieces.
You feel less contaminated with magical energies.
The hellwing swoops through the air toward you!
You block the hellwing's attack. x2
You hit the hellwing.
The hellwing is lightly wounded.
The hellwing hits you.
* * * LOW HITPOINT WARNING * * *
The hellwing hits you!
You die...
Your body crumbles into a pile of gold.

.... .....#.#. ... .
#....#........... ###
..##............#...
##.###...........#....
##... #................
.....#................
.......................
.#....
#................ # #.
.##...$...4@....... #
###.#...##..##...#.
#... #.....##### ... ..
#......# . . ......#..
.## # ....#.....#
...##....#. #.# #....
## .. #....


You could see a hellwing.

Vanquished Creatures
  Gastronok (D:8)
  Roxanne (D:14)
  2 orc warlords (Orc:1)
  A minotaur (Gauntlet)
  Fannar (D:10)
  2 boulder beetles
  The ghost of yongri the Stormcaller, a journeyman TeAE of Vehumet (Orc:1)
  2 vault guards (D:13)
  4 catoblepae (Lair:6)
  9 hydras
  An ogre mage (D:14)
  4 two-headed ogres
  3 centaur warriors
  2 hell hogs (Abyss:2)
  12 death yaks
  An orc high priest (Orc:2)
  Urug (D:10)
  Nergalle (Lair:2)
  A soul eater (Gauntlet)
  A deep elf knight (Orc:2)
  A sixfirhy (Abyss:2)
  3 skeletal warriors (D:14)
  A deep elf archer (Elf:1)
  2 lindwurms (Lair:6)
  3 deep elf zephyrmancers
  2 wizards (D:13)
  5 orc knights
  5 deep elf pyromancers
  A shining eye (Gauntlet)
  3 manticores
  8 orc sorcerers
  8 elephants
  2 cyclopes
  4 centaur zombies
  5 black mambas
  Joseph (D:7)
  15 cane toads
  Maggie (D:10)
  5 rime drakes
  A gargoyle (D:12)
  7 komodo dragons
  2 centaur skeletons (D:15)
  A tengu conjurer (D:14)
  A polar bear (Lair:5)
  8 trolls
  A jumping spider (Lair:2)
  3 meliai (D:13)
  A queen bee (D:13)
  11 blink frogs
  12 slime creatures
  8 flying skulls (Gauntlet)
  3 wraiths
  A redback (Lair:2)
  3 air elementals (Elf:1)
  Sigmund (D:5)
  83 yaks
  2 vampires
  19 humans (D:13)
  4 wyverns
  A golden eye (shapeshifter) (D:14)
  2 steam dragons
  5 basilisks
  5 vampire mosquitoes
  2 wargs (Orc:1)
  3 acid dragons
  Menkaure (D:5)
  19 water moccasins
  A floating eye (Gauntlet)
  Duvessa (D:7)
  A sky beast (D:7)
  A hornet zombie (D:7)
  4 black bears
  43 orc warriors
  13 wolves
  2 necrophages
  11 ogres
  17 centaurs
  A kobold brigand (D:6)
  17 bullfrogs
  4 scorpions
  An earth elemental (Elf:1)
  6 water moccasin zombies
  A wyvern skeleton (D:6)
  A hornet simulacrum (D:15)
  Dowan (D:7)
  23 killer bees
  24 wights
  5 electric eels
  3 jellies
  8 howler monkeys
  A quasit (Abyss:2)
  5 hounds
  22 orc priests
  4 iguanas
  30 orc wizards
  2 hound skeletons (D:4)
  2 mummies (Ossuary)
  A howler monkey zombie (D:8)
  Robin (D:3)
  4 gnolls (D:5)
  9 adders
  2 shadow imps (Gauntlet)
  2 white imps
  5 adder zombies (Ossuary)
  3 dart slugs
  93 orcs
  6 ball pythons
  6 endoplasms
  4 giant cockroaches
  4 gnoll zombies (Ossuary)
  23 goblins
  3 hobgoblins
  18 jackals
  10 kobolds
  5 quokkas
  4 bats
  3 frilled lizards
  8 hobgoblin zombies (Ossuary)
  5 kobold zombies (Ossuary)
  6 orc zombies (Ossuary)
  4 rats
820 creatures vanquished.

Vanquished Creatures (others)
  2 dancing weapons
  A hell hog (Abyss:2)
  A necromancer (D:15)
  An orc (D:7)
  126 fungi
  148 plants
279 creatures vanquished.

Grand Total: 1099 creatures vanquished

Notes
Turn   | Place    | Note
-------+----------+-------------------------------------------
     0 | D:1      | Meow the Ghoul Conjurer began the quest for the Orb.
     0 | D:1      | Reached XP level 1. HP: 14/14 MP: 2/2
   302 | D:1      | Reached XP level 2. HP: 18/20 MP: 0/4
   305 | D:1      | Learned a level 2 spell: Searing Ray
   443 | D:1      | Found Jycsu's General Store.
   683 | D:1      | Found a faded altar of an unknown god.
   943 | D:2      | Reached XP level 3. HP: 26/26 MP: 2/5
  1876 | D:2      | Reached XP level 4. HP: 33/33 MP: 3/7
  1909 | D:2      | Learned a level 4 spell: Iskenderun's Mystic Blast
  2112 | D:3      | Reached skill level 4 in Conjurations
  2282 | D:3      | Got the Catalogue of the Cloudy Compass
  2314 | D:3      | Found a snail-covered altar of Cheibriados.
  2433 | D:3      | Found a sacrificial altar of Ru.
  2598 | D:3      | Reached skill level 1 in Shields
  2845 | D:3      | Reached XP level 5. HP: 38/38 MP: 4/8
  3215 | D:3      | Noticed Robin
  3368 | D:3      | Killed Robin
  3554 | D:3      | Learned a level 3 spell: Mephitic Cloud
  3564 | D:4      | Noticed a centaur
  3573 | D:4      | Killed a centaur
  3574 | D:4      | Reached XP level 6. HP: 36/45 MP: 3/9
  3648 | D:4      | Found an ornate altar of the Wu Jian Council.
  3814 | D:4      | Found a staircase to the Ecumenical Temple.
  3863 | Temple   | Entered the Ecumenical Temple
  4017 | Temple   | Became a worshipper of Gozag Ym Sagoz the Greedy
  4113 | D:4      | Noticed a necrophage
  4157 | D:4      | Killed a necrophage
  4381 | D:4      | Reached XP level 7. HP: 50/50 MP: 0/11
  4919 | D:4      | Found a runed translucent door.
  4998 | D:4      | Noticed Caerwyn's ghost (novice OpCj)
  5371 | D:5      | Entered Level 5 of the Dungeon
  5409 | D:5      | Reached skill level 5 in Conjurations
  5746 | D:5      | Found a sand-covered staircase.
  5771 | Ossuary  | Entered an ossuary
  6078 | Ossuary  | Learned a level 3 spell: Dazzling Flash
  6095 | Ossuary  | Reached skill level 1 in Fighting
  6095 | Ossuary  | Reached skill level 6 in Conjurations
  6095 | Ossuary  | Reached XP level 8. HP: 49/59 MP: 3/13
  6679 | D:5      | Found Buadem's Magic Scroll Boutique.
  6682 | D:5      | Noticed Sigmund
  6689 | D:5      | Killed Sigmund
  6831 | D:5      | Bought a scroll of teleportation for 42 gold pieces
  6831 | D:5      | Bought a scroll of teleportation for 42 gold pieces
  6831 | D:5      | Bought a scroll of identify for 28 gold pieces
  6831 | D:5      | Bought a scroll of identify for 28 gold pieces
  6831 | D:5      | Bought a scroll of identify for 28 gold pieces
  6831 | D:5      | Bought a scroll of identify for 28 gold pieces
  7376 | D:6      | Found Ihalutev's Hydra Hut.
  7377 | D:6      | Noticed a six-headed hydra
  7407 | D:6      | Reached skill level 7 in Conjurations
  7569 | D:6      | Reached skill level 5 in Fighting
  7569 | D:6      | Reached XP level 9. HP: 56/74 MP: 5/14
  8451 | D:5      | Noticed Menkaure
  8459 | D:5      | Killed Menkaure
  8512 | D:5      | Reached skill level 8 in Conjurations
  8923 | D:7      | Noticed Dowan
  8924 | D:7      | Noticed Duvessa
  8937 | D:7      | Killed Dowan
  8943 | D:7      | Killed Duvessa
  9674 | D:7      | Noticed Joseph
  9708 | D:7      | Killed Joseph
 10153 | D:7      | Found Mapneybi's Magic Scroll Shop.
 10162 | D:7      | Bought a scroll of teleportation for 39 gold pieces
 10162 | D:7      | Bought a scroll of identify for 26 gold pieces
 10162 | D:7      | Bought a scroll of fear for 45 gold pieces
 10162 | D:7      | Bought a scroll of fear for 45 gold pieces
 10162 | D:7      | Bought a scroll of fog for 26 gold pieces
 10271 | D:7      | Reached XP level 10. HP: 90/90 MP: 7/15
 10902 | D:7      | Reached skill level 5 in Spellcasting
 11351 | D:8      | Noticed Gastronok
 11869 | D:9      | Found Sicynot's Jewellery Shoppe.
 12006 | D:9      | Found Tatup's Jewellery Shoppe.
 12061 | D:9      | Bought the ring of Secrets {Drain rPois rF+ MP+9 Str+3} for
                  | 466 gold pieces
 12384 | D:9      | Found a staircase to the Orcish Mines.
 12459 | D:9      | Reached skill level 9 in Conjurations
 12607 | D:10     | Entered Level 10 of the Dungeon
 12864 | D:10     | Reached skill level 10 in Fighting
 12873 | D:10     | Noticed Urug
 12993 | D:10     | Killed Urug
 12994 | D:10     | Reached XP level 11. HP: 99/100 MP: 11/19
 13136 | D:10     | Noticed Fannar
 14101 | D:10     | Noticed a two-headed ogre
 14132 | D:10     | Killed a two-headed ogre
 14536 | D:10     | Killed Fannar
 14717 | D:10     | Noticed Maggie
 14725 | D:10     | Killed Maggie
 14898 | D:10     | Reached skill level 10 in Conjurations
 15404 | D:11     | Found a flickering gateway to a bazaar.
 15404 | D:11     | Noticed a manticore
 15414 | D:11     | Killed a manticore
 15461 | D:11     | Noticed a boulder beetle
 15497 | Bazaar   | Entered a bazaar
 15499 | Bazaar   | Found Ycaugoor's Antique Armour Shop.
 15502 | Bazaar   | Found Gapsie's Weapon Shop.
 15508 | Bazaar   | Found Acewaongo's Book Shoppe.
 15524 | Bazaar   | Found Acsidom's Antique Armour Shop.
 15531 | Bazaar   | Found Mipyseobe's Jewellery Boutique.
 15571 | Bazaar   | Bought a steaming leather armour for 112 gold pieces
 15571 | Bazaar   | Identified the +4 leather armour of Knowledge {rN+ Dex+6}
                  | (You bought it in a shop in a bazaar)
 15617 | Bazaar   | Bought a book of Alchemy for 280 gold pieces
 15635 | Bazaar   | Bought the ring "Raesh" {Contam rF++ rC+ Str-5 Dex+6} for
                  | 598 gold pieces
 15710 | Bazaar   | Bought a book of Annihilations for 400 gold pieces
 15716 | Bazaar   | Learned a level 5 spell: Irradiate
 15727 | Bazaar   | Bought a runed kite shield for 120 gold pieces
 15821 | D:11     | Reached XP level 12. HP: 112/112 MP: 17/23
 15963 | Orc:1    | Entered Level 1 of the Orcish Mines
 16384 | Orc:1    | Noticed a soul eater
 16459 | D:9      | Paralysed by an orc sorcerer for 7 turns
 17215 | Orc:1    | Found a runed translucent gate.
 17215 | Orc:1    | Found a runed translucent gate.
 17215 | Orc:1    | Found a runed translucent gate.
 17216 | Orc:1    | Found an opulent altar of Gozag.
 17218 | Orc:1    | Noticed yongri's ghost (journeyman TeAE)
 17407 | Orc:1    | Noticed an orc warlord
 18334 | D:8      | Found a shadowy altar of Dithmenos.
 18335 | D:8      | Found a radiant altar of Vehumet.
 18561 | D:8      | Found a staircase to the Lair.
 18570 | Lair:1   | Entered Level 1 of the Lair of Beasts
 18719 | Lair:1   | Reached skill level 11 in Conjurations
 19199 | Lair:1   | Noticed a six-headed hydra
 19217 | Lair:1   | Killed a six-headed hydra
 20134 | Lair:1   | Noticed a six-headed hydra
 20146 | Lair:1   | Killed a six-headed hydra
 20358 | Lair:2   | Reached skill level 10 in Spellcasting
 20636 | Lair:2   | Found a hole to the Spider Nest.
 20715 | Lair:2   | Reached XP level 13. HP: 118/118 MP: 26/26
 20750 | Lair:2   | Reached skill level 12 in Conjurations
 21321 | Lair:2   | Noticed Nergalle
 21335 | Lair:2   | Killed Nergalle
 21891 | Lair:3   | Identified the +0 robe of the Journeyman {rElec}
 22451 | Lair:5   | Reached skill level 13 in Conjurations
 24051 | Lair:5   | Found a staircase to the Slime Pits.
 24493 | Lair:6   | Entered Level 6 of the Lair of Beasts
 24749 | Lair:5   | Reached XP level 14. HP: 96/126 MP: 23/27
 25692 | Lair:6   | Reached skill level 14 in Conjurations
 28130 | Lair:4   | Found a staircase to the Shoals.
 28600 | Lair:4   | Reached skill level 15 in Conjurations
 29008 | Lair:1   | Bought warped acid dragon scales for 1350 gold pieces
 29008 | Lair:1   | Identified the +4 acid dragon scales "Tuivvi" {Harm Will+
                  | rCorr} (You bought it in a shop on level 1 of the Lair of
                  | Beasts)
 29065 | D:8      | Reached XP level 15. HP: 134/134 MP: 30/30
 29434 | D:8      | Killed Gastronok
 29746 | Orc:2    | Entered Level 2 of the Orcish Mines
 29894 | Orc:1    | Killed an orc warlord
 30173 | Orc:2    | Noticed an orc warlord
 30186 | Orc:1    | Killed an orc warlord
 30313 | Orc:2    | Found Must's Antique Armour Shoppe.
 30415 | Orc:2    | Bought a wizard robe for 205 gold pieces
 30415 | Orc:2    | Identified the +1 robe of the Catamount {rElec Regen+ Int-4
                  | Slay-4} (You bought it in a shop on level 2 of the Orcish
                  | Mines)
 30462 | Orc:2    | Found a staircase to the Elven Halls.
 31448 | Orc:1    | Killed yongri's ghost
 31659 | Orc:2    | Found Doradde's Antique Weapon Boutique.
 31853 | Orc:2    | Found Jipp's Jewellery Boutique.
 31880 | Orc:2    | Found Emia's General Store.
 31911 | Orc:2    | Bought a scroll of teleportation for 42 gold pieces
 31911 | Orc:2    | Bought 2 scrolls of teleportation for 84 gold pieces
 31911 | Orc:2    | Bought a scroll of enchant weapon for 105 gold pieces
 32741 | D:12     | Learned a level 3 spell: Frozen Ramparts
 33720 | D:13     | Reached skill level 16 in Conjurations
 33787 | D:13     | Found a gate to the Vaults.
 34328 | D:14     | You fall into a shaft and drop 1 floor!
 34328 | D:15     | Entered Level 15 of the Dungeon
 34367 | D:15     | Reached XP level 16. HP: 63/146 MP: 4/31
 34367 | D:15     | Found a gate leading to a gauntlet.
 34373 | Gauntlet | Entered a Gauntlet
 34373 | Gauntlet | Found a transporter.
 34387 | Gauntlet | Found a transporter.
 34398 | Gauntlet | Found a transporter.
 34403 | Gauntlet | Found a transporter.
 34418 | Gauntlet | Found a transporter.
 34437 | Gauntlet | Found a transporter.
 34449 | Gauntlet | Found a transporter.
 34464 | Gauntlet | Found a transporter.
 34473 | Gauntlet | Found a transporter.
 34485 | Gauntlet | Found the +3 sling "Punk" {acid, rCorr}
 34485 | Gauntlet | Found a transporter.
 34502 | Gauntlet | Found a transporter.
 34519 | Gauntlet | Found a transporter.
 34521 | Gauntlet | Found a transporter.
 34523 | Gauntlet | Found a runed translucent gate.
 34523 | Gauntlet | Found a runed translucent gate.
 34523 | Gauntlet | Found a runed translucent gate.
 34525 | Gauntlet | Found a large runed translucent door.
 34525 | Gauntlet | Found a large runed translucent door.
 34525 | Gauntlet | Found a large runed translucent door.
 34525 | Gauntlet | Found a large runed translucent door.
 34529 | Gauntlet | Found a large runed translucent door.
 34529 | Gauntlet | Found a large runed translucent door.
 34531 | Gauntlet | Found a large runed translucent door.
 34531 | Gauntlet | Found a large runed translucent door.
 34533 | Gauntlet | Found a large runed translucent door.
 34533 | Gauntlet | Found a large runed translucent door.
 34533 | Gauntlet | Found a runed translucent door.
 34533 | Gauntlet | Found a runed translucent door.
 34534 | Gauntlet | Found a large runed translucent door.
 34535 | Gauntlet | Found a large runed translucent door.
 34544 | Gauntlet | Found a large runed translucent door.
 34544 | Gauntlet | Found a large runed translucent door.
 34545 | Gauntlet | Found a large runed translucent door.
 34546 | Gauntlet | Found a large runed translucent door.
 34548 | Gauntlet | Found a transporter.
 34548 | Gauntlet | Found a transporter.
 34550 | Gauntlet | Found a transporter.
 34572 | Gauntlet | Found a transporter.
 34574 | Gauntlet | Found a transporter.
 35014 | Gauntlet | Identified the ring "Heduips" {*Corrode AC+4 Str+4 Int+2
                  | SInv}
 35105 | Gauntlet | Reached skill level 5 in Shields
 35105 | Gauntlet | Reached XP level 17. HP: 152/152 MP: 32/32
 35106 | Gauntlet | Reached XP level 18. HP: 160/160 MP: 33/33
 35148 | Gauntlet | Found the +0 pair of fencer's gloves {Riposte Dex+3}
 35150 | Gauntlet | Identified the +5 battleaxe of the Seven Nightingales
                  | {spect, rF+ rN+ Str+3}
 35150 | Gauntlet | Identified the ring "Odaeb" {Str+6 Dex+2}
 35151 | Gauntlet | Got the Volume of the Glacial Rocks
 35159 | Gauntlet | Identified a scroll of acquirement
 35161 | Gauntlet | Acquired 556 gold pieces
 35278 | D:15     | Reached skill level 17 in Conjurations
 35451 | D:15     | Reached skill level 5 in Dodging
 35457 | D:15     | Found a staircase to the Depths.
 35512 | D:15     | Found a bloodstained altar of Trog.
 36654 | D:14     | Paralysed by an ogre mage for 2 turns
 36677 | D:14     | Identified Roxanne's Catalogue of the Rocks
 36677 | D:14     | Noticed Roxanne
 36801 | D:14     | Killed Roxanne
 36815 | D:14     | Learned a level 5 spell: Bolt of Magma
 37295 | Elf:1    | Entered Level 1 of the Elven Halls
 37450 | Elf:1    | Paralysed by an air elemental for 1 turns
 37469 | Elf:1    | Paralysed by an air elemental for 1 turns
 37503 | Elf:1    | Cast into level 2 of the Abyss (a deep elf demonologist)
 37503 | Abyss:2  | Found a transporter.
 37588 | Abyss:2  | HP: 8/160 [hellwing (4)]
 37588 | Abyss:2  | Slain by a hellwing

Illustrated notes

Levels and vault maps discovered:
D:1:      lemuel_arrival_cross, layout_rooms, serial_shops, shop,
          basic_ecumenical_altar
D:2:      layout_loops_ring, corexii_shack, minmay_diced_spiral
D:3:      kennysheep_goblin_castle, layout_loops_ring,
          mainiacjoe_overflow_boulevard, amethyst_overflow_temple_binary
D:4:      minmay_spotlight, layout_loops_corners, nzn_wu_jian_council_hall,
          temple_pool_b, ebering_ghost_sewer_d, grunt_ministairs_12,
          chequers_serial_rivers_large_a
D:5:      layout_loops_ring, serial_shops,
          nicolae_shop_temple_entry_statues_fountains,
          nicolae_ossuary_entry_false_entrances, kennysheep_small_circle,
          uniq_sigmund, uniq_menkaure
D:6:      layout_loops_corners, grunt_ministairs_3, doesnt_shop_hydraphobe
D:7:      layout_loops_ring, serial_shops, nicolae_stop_n_shop_2,
          serial_bayou_pond_c, chequers_avenue, grunt_decor_cap,
          roderic_lattice_a, minivault_14, kennysheep_decorative_pillar,
          minmay_misc_feat_roman, uniq_joseph, uniq_duvessa
D:8:      layout_rooms, mainiacjoe_overflow_big_doors,
          due_lair_maze_entry_diamond, minmay_misc_feat_doors, uniq_gastronok
D:9:      layout_basic, hiddenorc1_lemuel, serial_shops, nicolae_diamond_shop,
          nicolae_shop_window_shopping
D:10:     layout_gridville, serial_bayou_pond_c, uniq_fannar, uniq_maggie,
          uniq_urug
D:11:     layout_roguey, serial_shops, bzr_entry_lakeside, grunt_decor_arrowhead
D:12:     layout_basic
D:13:     layout_roguey, grunt_vaults_entry_tiered, special_room
          [special_room_bee]
D:14:     layout_rooms, dk_noncrumbling_2, uniq_roxanne
D:15:     grunt_enter_depths_magical_seal, layout_basic,
          portal_ice_cave_entry_pillars_three, gauntlet_entry_generic,
          bloody_trog
Temple:   nicolae_temple_elliptical
Lair:1:   layout_hall_layers
Lair:2:   layout_regular_city, spider_nest_entry_a, uniq_nergalle
Lair:3:   layout_big_grid
Lair:4:   layout_layer_cave, elwin_shoals_entry_rocks, serial_bayou,
          serial_bayou_shore_b, serial_bayou_lagoon_b, serial_bayou_pond_a,
          serial_bayou_pond_c
Lair:5:   layout_long_grid, minmay_slime_entry_pillars, grunt_megastairs_2,
          infiniplex_staircase_pool
Lair:6:   evilmike_catoblepas_cave, layout_gridlike, dpeg_oklob_1,
          grunt_megastairs_4, minmay_lair_oklob_chamber
Orc:1:    layout_diamond_mine, ebering_ghost_gozag
Orc:2:    grunt_orc_gardens, layout_diamond_mine, grunt_orc_garden,
          grunt_orc_garden, grunt_orc_garden, grunt_orc_garden
Elf:1:    eino_elf_arrival_shootout, layout_gridlike, serial_shops,
          bzr_firewalk, evilmike_minifort, amcnicky_mini_corridor_feature,
          minmay_elf_demonology
Abyss:2:  base: Lair:1, gammafunk_abyss_exit_x_factor,
          evilmike_abyss_exit_mutagenic

Skill      XL: |  1  2  3  4  5  6  7  8  9 10 11 12 13 14 15 16 17 18 |
---------------+-------------------------------------------------------+-----
Spellcasting   | 2 3 4 6 8 10 12 | 12.0
Conjurations   | 4 6 7 8 9 10 11 13 15 16 17 | 17.3
Shields        | 1 2 3 4 5 7 |  7.3
Fighting       | 1 5 8 10 11 12 14 | 14.0
Dodging        | 3 4 6 |  6.3
Stealth        | |  2.1

Action                   |  1- 3 |  4- 6 |  7- 9 | 10-12 | 13-15 | 16-18 || total
-------------------------+-------+-------+-------+-------+-------+-------++-------
Melee: Unarmed           |     8 |       |       |       |       |       ||     8
       Dagger            |       |     2 |    62 |       |       |       ||    64
       Long sword        |       |       |     7 |     8 |       |       ||    15
       Demon trident     |       |       |       |   163 |   469 |    75 ||   707
 Fire: Hunting sling     |    11 |    32 |    12 |       |       |       ||    55
Throw: Stone             |     4 |       |       |     2 |     4 |       ||    10
 Cast: Magic Dart        |    14 |     7 |       |       |       |       ||    21
       Searing Ray       |    26 |    35 |    86 |   183 |    51 |     4 ||   385
       Mephitic Cloud    |       |       |     4 |    29 |    30 |       ||    63
       Iskenderun's Myst |       |       |       |    28 |    13 |       ||    41
       Irradiate         |       |       |       |       |   229 |    88 ||   317
Invok: Call Merchant     |       |       |       |     1 |     1 |       ||     2
Evoke: Wand              |       |       |     5 |       |    12 |     1 ||    18
       Box of beasts     |       |       |       |       |       |     1 ||     1
  Use: Scroll            |       |     3 |    11 |     6 |    14 |    10 ||    44
       Potion            |       |       |       |     1 |     5 |     8 ||    14
 Stab: Confused          |       |       |       |     1 |     5 |       ||     6
       Distracted        |       |       |       |     1 |     4 |     1 ||     6
       Sleeping          |       |       |       |       |     2 |     1 ||     3
Armor: Robe              |     4 |    12 |    36 |   123 |    16 |       ||   191
       Leather armour    |       |       |       |       |   252 |    50 ||   302
Dodge: Dodged            |     6 |    23 |    72 |   211 |   397 |    87 ||   796
Block: Buckler           |       |    11 |    37 |   139 |   350 |    48 ||   585
       Rpst.: Long sword |       |       |     5 |    12 |       |       ||    17
       Demon trident     |       |       |       |       |       |    11 ||    11

Table legend: (Time is in decaauts)
 A = Elapsed time spent in this place.
 B = Non-inter-level travel time spent in this place.
 C = Inter-level travel time spent in this place.
 D = Time resting spent in this place.
 E = Time spent auto-exploring this place.
 F = Levels seen in this place.
 G = Mean time per level.
                   A        B        C        D        E       F      G
               +--------+--------+--------+--------+--------+-----+--------+
         Total |  37935 |  36399 |   1536 |  14656 |  13669 |  29 | 1308.1 |
       Dungeon |  21437 |  20350 |   1087 |   7749 |   8196 |  15 | 1429.1 |
        Temple |    260 |    234 |     26 |     91 |    136 |   1 |  260.0 |
          Lair |  10798 |  10475 |    323 |   4488 |   4089 |   6 | 1799.7 |
  Orcish Mines |   3332 |   3232 |    100 |   1612 |    761 |   2 | 1666.0 |
   Elven Halls |     94 |     94 |      0 |      0 |      0 |   1 |   94.0 |
         Abyss |     86 |     86 |      0 |      0 |      0 |   1 |   86.0 |
        Bazaar |    247 |    247 |      0 |      0 |     42 |   1 |  247.0 |
       Ossuary |    866 |    866 |      0 |    638 |    108 |   1 |  866.0 |
      Gauntlet |    811 |    811 |      0 |     78 |    336 |   1 |  811.0 |
               +--------+--------+--------+--------+--------+-----+--------+

Top non-repeatable levels by time:
     D:9: 3345 daAuts
  Lair:5: 2913 daAuts
  Lair:6: 2666 daAuts
     D:7: 2323 daAuts
   Orc:1: 2091 daAuts
  Lair:1: 1998 daAuts
    D:10: 1936 daAuts
     D:6: 1831 daAuts
     D:4: 1573 daAuts
     D:3: 1558 daAuts
  Lair:4: 1368 daAuts
   Orc:2: 1241 daAuts
     D:5: 1217 daAuts
    D:14: 1197 daAuts
     D:2: 1172 daAuts
